 Dungeon Crawl Stone Soup version 0.18-a0-1685-g4482fe3 (webtiles) character file.

132 Ijustatesigmund the Sneak (level 5, 0/34 HPs)
             Began as an Octopode Assassin on Apr 4, 2016.
             Slain by an orc wizard
             ... wielding a +0 dagger
              (2 damage)
             ... on level 3 of the Dungeon.
             The game lasted 00:09:15 (2654 turns).

Ijustatesigmund the Sneak (Octopode Assassin)       Turns: 2654, Time: 00:09:15

Health: 0/34       AC:  1    Str: 10    XL:     5   Next: 15%
Magic:  5/5        EV: 12    Int: 14    God:
Gold:   112        SH:  0    Dex: 14    Spells: 0 memorised, 4 levels left

rFire  . . .     SeeInvis .     a - +2 dagger
rCold  . . .     Gourm    .     (no shield)
rNeg   . . .     Faith    .     (helmet restricted)
rPois  .         Spirit   .     o - amulet of inaccuracy (curse)
rElec  .         Dismiss  .     (no ring)
rCorr  .         Reflect  .     (no ring)
SustAt .         Harm     .     (no ring)
MR     .....                    (no ring)
Stlth  +++++.....               (no ring)
                                (no ring)
                                (no ring)
                                (no ring)

@: not resistant to hostile enchantments, quite stealthy
A: almost no armour, amphibious, 8 rings, constrict 8, camouflage 1, gelatinous
body 1
a: no special abilities


You were on level 3 of the Dungeon.
You were not hungry.

You visited 1 branch of the dungeon, and saw 3 of its levels.

You collected 112 gold pieces.

Inventory:

Hand Weapons
 a - a +2 dagger (weapon)
 b - a +1 blowgun
Missiles
 c - 25 poisoned needles
 d - 2 curare-tipped needles
Jewellery
 o - a cursed amulet of inaccuracy (around mantle)
 q - an uncursed ring of ice
Scrolls
 e - 2 scrolls of remove curse {unknown}
 g - 2 scrolls of fear
Potions
 h - 2 potions of cancellation
 i - a potion of flight {unknown}
 m - 4 potions of curing {unknown}
 n - a potion of brilliance {unknown}
Comestibles
 f - 2 bread rations
 j - a meat ration
 k - 3 fruits


   Skills:
 - Level 2.0 Fighting
 + Level 3.3 Short Blades
 + Level 3.5 Throwing
 - Level 1.0 Dodging
 + Level 6.5 Stealth


You had 4 spell levels left.
You didn't know any spells.

Dungeon Overview and Level Annotations

Branches:
Dungeon (3/15)

Altars:
Nemelex Xobeh
Vehumet


Innate Abilities, Weirdness & Mutations

You cannot wear most types of armour.
You are amphibious.
You can wear up to eight rings at the same time.
You can use your tentacles to constrict eight enemies at once.
Your skin changes colour to match your surroundings (Stealth).
Your rubbery body absorbs attacks (AC +1).


Message History

Firing (i - inventory. (,) - cycle):
c - 26 poisoned needles (quivered)
Press: ? - help, Shift-Dir - straight line, f/p - orc
Aim: an orc, wearing a chain mail (severely wounded, poisoned)
You shoot a poisoned needle. The poisoned needle hits the orc.
The orc looks even sicker.
The orc is severely wounded.
You kill the orc!
A magic dart appears from out of thin air!
The magic dart hits you!
* * * LOW HITPOINT WARNING * * *
You are too injured to fight recklessly!
Wield which item (- for none, * to show all)? (? for menu, Esc to quit)
a - a +2 dagger (weapon)
You hear some strange, mumbled words.
Something tries to affect you, but you resist.
You closely miss something. Something hits you but does no damage.
You hit something. Something hits you.
* * * LOW HITPOINT WARNING * * *
You completely miss something. You squeeze something. Something hits you.
You die...

#.# ...........#
..#.####.##............##
....o...[................
......)#)##............##
#.#.##o#.# ...........# #
.<#g# ............ .#.#o#
............ ..#.#{#
####....... #g #.#@#
#....... ...... #.#.#
#..... ..... .#.#
#...###.#.# .. #......
#.# #. ##.....###........
#. ................. .
###....########### ####
#[..†....... ...


You could see an orc and a goblin.

Vanquished Creatures
  Jessica (D:3)
  4 adders
  An ooze (D:3)
  2 worms (D:2)
  3 orcs (D:3)
  4 bats
  3 giant cockroaches
  6 goblins
  4 hobgoblins
  10 jackals
  4 kobolds
  A quokka (D:3)
  A ball python (D:2)
  5 giant newts
  7 rats
56 creatures vanquished.

Notes
Turn   | Place    | Note
--------------------------------------------------------------
     0 | D:1      | Ijustatesigmund the Octopode Assassin began the quest for the Orb.
     0 | D:1      | Reached XP level 1. HP: 14/14 MP: 1/1
   200 | D:1      | Reached XP level 2. HP: 19/19 MP: 2/2
   742 | D:2      | Found a sparkling altar of Nemelex Xobeh.
   742 | D:2      | Found a radiant altar of Vehumet.
   748 | D:2      | Reached XP level 3. HP: 24/24 MP: 3/3
  1139 | D:2      | Reached skill level 6 in Stealth
  1357 | D:2      | Reached XP level 4. HP: 17/29 MP: 4/4
  2185 | D:3      | Noticed Jessica
  2255 | D:3      | Killed Jessica
  2255 | D:3      | Reached XP level 5. HP: 15/34 MP: 5/5
  2584 | D:3      | Noticed an orc warrior
  2654 | D:3      | Slain by an orc wizard

Vault maps used:
D:1:      sevenhm_arrival_forest_fort_small_4, hangedman_decor_points,
          serial_bayou_pond_a
D:2:      wad_lake_hut, grunt_temple_overflow_open, grunt_ministairs_14
D:3:      led_xom_imps, uniq_jessica, uniq_grinder

Skill      XL: |  1  2  3  4 |
---------------+-------------+-----
Stealth        | 6 |  6.5
Short Blades   | 3 |  3.3
Throwing       | 3 |  3.5
Fighting       | |  2.0
Dodging        | |  1.0

Action                   |  1- 3 |  4- 6 || total
-------------------------+-------+-------++-------
Melee: Dagger            |    52 |    80 ||   132
 Fire: Blowgun           |       |     4 ||     4
  Use: Scroll            |     6 |     4 ||    10
 Stab: Sleeping          |     8 |     1 ||     9
       Distracted        |       |     2 ||     2
  Eat: Chunk             |     1 |     4 ||     5
